Map: Zarośnięta placówka

Players

Zorglube

  • Race: Zerg Zerg
  • League: Diamond
  • Spawn Location: 7:00

Grosseteub

  • Race: Zerg Zerg
  • League: Platinum
  • Spawn Location: 9:00

Esharell

  • Race: Zerg Zerg
  • Spawn Location: 3:00

Legol

  • Race: Protoss Protoss
  • League: Gold
  • Spawn Location: 1:00

VOD

Have the link to the VOD?

Description

Time

  • Played on: Jan. 4, 2020, 5:29 p.m.
  • Length: 12:53
Show
View Real Time Build Order
Export as new Build Order

Zorglube Zerg 

Build Orders: Hatch First 

Get SALT Encoding   

  12  0:02  Drone  
  13  0:14  Overlord  
  13  0:18  Drone  
  14  0:33  Drone x2  
  16  0:53  Hatchery  
  15  0:59  Drone x2  
  15  1:01  Drone  
  18  1:18  Spawning Pool  
  17  1:25  Drone  
  17  1:32  Extractor  
  17  1:42  Drone x2  
  17  1:46  Extractor  
  18  2:02  Overlord  
  18  2:03  Overlord  
  18  2:09  Queen x2  
  18  2:11  Zergling x2  
  23  2:16  Drone  
  24  2:34  Metabolic Boost  
  24  2:35  Zergling x4  
  24  2:36  Zergling x2  
  27  2:45  Zergling x2  
  27  2:46  Zergling x4  
  30  2:51  Zergling x2  
  31  3:01  Drone  
  31  3:02  Zergling x4  
  34  3:11  Overlord  
  34  3:24  Overlord  
  34  3:25  Zergling x2  
  35  3:36  Drone, Zergling x2  
  35  3:37  Zergling x2  
  38  3:48  Drone x3  
  41  4:06  Zergling x6  
  41  4:07  Zergling x6  
  44  4:24  Drone, Zergling x2, Overlord  
  45  4:25  Zergling x4  
  43  4:39  Zergling x6  
  43  4:40  Zergling x2  
  46  4:48  Drone x2  
  44  5:08  Zergling x2  
  44  5:09  Zergling x6  
  40  5:25  Zergling x6  
  41  5:40  Zergling x2  
  41  5:41  Zergling x4  
  43  5:43  Lair  
  43  5:48  Spine Crawler  
  42  5:52  Drone x2  
  42  5:53  Zergling x6  
  42  5:54  Zergling x6  
  50  6:03  Drone  
  51  6:11  Spore Crawler  
  50  6:14  Drone x3  
  53  6:26  Extractor  
  53  6:31  Extractor  
  51  6:37  Zergling x2  
  51  6:38  Zergling x12  
  42  7:10  Zergling x2  
  42  7:11  Zergling x8  
  45  7:17  Spire  
  45  7:18  Zergling x2  
  44  7:38  Zergling x6  
  44  7:39  Zergling x2  
  42  7:44  Zergling x2  
  42  7:45  Zergling x2  
  44  7:56  Spine Crawler, Overlord x2  
  44  7:57  Drone, Zergling x2  
  45  8:08  Spine Crawler  
  45  8:09  Zergling x4  
  46  8:23  Zergling x2  
  46  8:24  Zergling x8  
  51  8:32  Mutalisk  
  53  8:35  Mutalisk x2  
  53  8:36  Mutalisk x2  
  60  8:43  Mutalisk  
  60  8:47  Mutalisk  
  64  8:52  Mutalisk  
  64  8:53  Mutalisk x3  
  62  9:12  Mutalisk x5  
  68  9:21  Mutalisk  
  69  9:29  Mutalisk x2  
  73  9:42  Mutalisk  
  73  9:43  Mutalisk  
  77  9:52  Mutalisk x2  
  80  10:03  Mutalisk x2  
  81  10:12  Mutalisk  
  81  10:13  Zergling x2  
  82  10:34  Mutalisk  
  84  10:42  Overlord x4  
  84  10:47  Overlord  
  84  11:04  Mutalisk x3  
  90  11:23  Mutalisk  
  90  11:24  Mutalisk  
  94  12:01  Mutalisk x3  
  98  12:16  Mutalisk  
  98  12:20  Zergling x2  
  98  12:21  Zergling x2, Drone x2, Overlord  
  98  12:22  Drone  
  105  12:33  Zergling x4  
  107  12:40  Drone x2  
Show
View Real Time Build Order
Export as new Build Order

Grosseteub Zerg 

Build Orders: Hatch First 

Get SALT Encoding   

  12  0:02  Drone  
  13  0:13  Overlord  
  13  0:22  Drone  
  14  0:33  Drone x2  
  16  0:53  Hatchery  
  16  0:55  Drone  
  16  0:58  Drone  
  16  1:01  Drone  
  18  1:06  Extractor  
  17  1:19  Spawning Pool  
  17  1:21  Drone  
  17  1:36  Drone  
  17  1:37  Drone  
  19  1:42  Drone  
  20  1:52  Drone  
  21  2:10  Queen x2  
  25  2:16  Metabolic Boost  
  25  2:18  Zergling x4  
  25  2:19  Zergling x2  
  28  2:32  Overlord  
  28  2:34  Overlord  
  27  3:10  Drone x3  
  27  3:11  Drone x3  
  33  3:14  Baneling Nest  
  32  3:21  Overlord  
  32  3:23  Zergling x2  
  33  3:29  Zergling x6  
  36  3:38  Zergling x4  
  38  3:45  Zergling x6  
  41  3:48  Drone  
  41  3:49  Drone  
  43  4:11  Zergling x14  
  43  4:12  Zergling x2  
  49  4:17  Zergling x2  
  49  4:38  Drone x2  
  51  4:40  Spore Crawler  
  51  4:42  Spore Crawler  
  49  4:49  Overlord  
  44  5:06  Baneling x4  
  43  5:07  Baneling x4  
  43  5:12  Drone x5  
  48  5:14  Extractor  
  48  5:18  Roach Warren  
  35  5:37  Zergling x10  
  35  5:38  Zergling x2  
  40  5:44  Zergling x4  
  40  5:45  Zergling x8  
  46  5:51  Zergling x2  
  47  6:07  Hatchery  
  46  6:13  Drone x4  
  50  6:20  Drone  
  50  6:21  Drone x6  
  56  6:37  Zergling x6  
  53  7:02  Extractor  
  53  7:03  Roach x4, Extractor  
  56  7:27  Queen  
  56  7:28  Drone x3  
  56  7:29  Drone, Overlord  
  57  7:33  Lair  
  57  7:38  Drone x2  
  57  7:39  Drone x2  
  57  7:43  Overlord x3  
  61  7:54  Baneling x2  
  61  8:01  Overlord x3  
  61  8:03  Roach x7  
  61  8:04  Roach  
  77  8:16  Hatchery  
  57  9:08  Roach  
  57  9:09  Roach x16  
  85  9:20  Queen  
  87  9:29  Zergling x2  
  87  9:30  Zergling x6  
  87  9:31  Zergling x4  
  93  9:36  Queen  
  95  9:47  Drone x4  
  95  9:48  Drone x3  
  95  9:50  Queen  
  95  9:51  Queen  
  106  10:00  Baneling x6  
  106  10:01  Baneling x2  
  106  10:06  Drone  
  109  10:07  Drone x5  
  112  10:17  Drone  
  112  10:18  Drone x5  
  118  10:23  Glial Reconstitution  
  118  10:27  Roach  
  120  10:37  Overlord x5  
  120  10:45  Extractor  
  120  10:46  Extractor  
  118  10:53  Spore Crawler  
  118  10:54  Spore Crawler  
  118  10:55  Spore Crawler  
  116  11:04  Ravager x4  
  116  11:05  Ravager x3  
  116  11:06  Roach x3  
  116  11:07  Roach x6  
  140  11:12  Evolution Chamber  
  140  11:13  Evolution Chamber  
  140  11:16  Drone  
  140  11:17  Drone x4  
  144  11:18  Drone  
  144  11:19  Drone  
  145  11:26  Drone x4  
  145  11:27  Drone  
  150  11:47  Hydralisk Den  
  150  11:50  Drone x4, Extractor  
  150  11:51  Extractor, Overlord x3  
  151  11:58  Overseer  
  151  12:00  Pneumatized Carapace  
  151  12:17  Hydralisk x8  
  167  12:25  Overlord  
  167  12:26  Overlord x2  
Show
View Real Time Build Order
Export as new Build Order

Esharell Zerg 

Build Orders: Pool First 

Get SALT Encoding   

  12  0:01  Drone  
  13  0:13  Overlord  
  13  0:18  Drone  
  14  0:33  Drone x2  
  16  0:36  Drone  
  17  0:49  Spawning Pool  
  16  0:51  Drone  
  17  0:58  Drone  
  18  1:19  Hatchery  
  17  1:26  Extractor  
  17  1:28  Drone x2  
  17  1:32  Drone  
  19  1:38  Queen  
  21  1:44  Overlord  
  21  1:51  Zergling x2  
  22  2:05  Zergling x2  
  23  2:16  Queen  
  23  2:20  Zergling x2  
  26  2:33  Drone x2  
  26  2:35  Metabolic Boost  
  28  2:42  Queen  
  30  2:44  Drone x3  
  33  3:11  Drone x2  
  33  3:12  Drone, Overlord x2  
  35  3:21  Zergling x2  
  35  3:36  Zergling x6  
  35  3:37  Zergling x2  
  39  3:44  Spine Crawler  
  39  3:48  Spine Crawler x2  
  36  4:06  Zergling x2  
  36  4:07  Zergling x14  
  19  4:26  Zergling x12  
  19  4:27  Zergling x2  
  17  4:41  Zergling x4  
  18  4:51  Zergling x4  
  16  5:08  Zergling x4  
  13  5:54  Drone x2  
  15  6:07  Drone  
  16  6:12  Drone  
  16  6:16  Pneumatized Carapace  
  17  6:25  Drone  
  18  6:33  Drone  
  19  6:56  Zergling x4  
  19  7:10  Drone  
  19  7:11  Queen  
  22  7:22  Zergling x2  
  21  7:37  Zergling x4  
  15  7:49  Zergling x2  
  13  8:32  Zergling x8  
  13  8:33  Zergling x2  
  12  8:44  Zergling x2  
  11  9:03  Zergling x4  
  13  9:13  Zergling x2  
  14  9:25  Zergling x2  
  5  10:40  Drone x4  
  5  10:41  Drone  
Show
View Real Time Build Order
Export as new Build Order

Legol Protoss 

Build Orders:  

Get SALT Encoding   

  12  0:03  Probe  
  13  0:15  Probe  
  14  0:22  Pylon  
  14  0:27  Probe  
  15  0:40  Probe (Chrono Boost)  
  15  0:41  Gateway  
  16  0:52  Probe (Chrono Boost), Assimilator  
  17  0:58  Probe (Chrono Boost)  
  18  1:11  Probe  
  19  1:22  Pylon  
  19  1:23  Probe  
  20  1:29  Cybernetics Core  
  20  1:35  Probe  
  21  1:47  Probe  
  22  1:59  Probe  
  23  2:04  Nexus  
  23  2:11  Assimilator  
  23  2:23  Probe  
  23  2:29  Sentry (Chrono Boost)  
  24  2:32  Warp Gate, Gateway  
  24  2:36  Probe  
  27  2:48  Probe  
  28  2:58  Stalker, Pylon  
  30  3:06  Gateway  
  30  3:08  Pylon  
  30  3:15  Probe  
  30  3:17  Probe  
  32  3:27  Probe  
  32  3:29  Probe  
  32  3:33  Robotics Facility  
  34  3:39  Probe  
  34  3:40  Sentry x2  
  39  3:41  Probe  
  40  3:49  Forge  
  40  3:53  Shield Battery  
  40  3:55  Probe (Chrono Boost)  
  41  3:57  Probe (Chrono Boost)  
  42  4:05  Probe (Chrono Boost)  
  43  4:11  Stalker x2  
  43  4:15  Probe x2  
  49  4:18  Assimilator  
  49  4:31  Photon Cannon  
  49  4:35  Photon Cannon  
  49  4:36  Probe x2  
  51  4:39  Pylon  
  51  4:41  Observer  
  52  4:57  Assimilator  
  44  5:28  Stalker x2  
  44  5:29  Stalker, Immortal (Chrono Boost)  
  44  5:33  Protoss Ground Weapons Level 1 (Chrono Boost)  
  44  5:34  Probe x2  
  52  5:46  Probe x2  
  54  5:50  Gateway  
  54  5:52  Stalker x3, Gateway  
  54  5:56  Gateway  
  60  6:11  Robotics Bay  
  60  6:15  Stalker  
  60  6:16  Stalker x2  
  66  6:34  Robotics Facility  
  66  6:36  Pylon  
  66  6:37  Pylon  
  66  6:39  Zealot x3  
  49  6:56  Zealot x3  
  54  7:06  Zealot x3  
  60  7:19  Zealot x3  
  66  7:50  Robotics Bay  
  66  7:56  Pylon, Zealot  
  66  7:57  Zealot x4  
  76  8:03  Protoss Ground Armor Level 1 (Chrono Boost)  
  76  8:20  Photon Cannon  
  76  8:22  Photon Cannon  
  76  8:25  Photon Cannon  
  84  8:37  Colossus (Chrono Boost)  
  84  8:38  Colossus (Chrono Boost)  
  72  9:11  Stalker x5  
  72  9:12  Stalker  
  72  9:21  Photon Cannon  
  72  9:23  Photon Cannon  
  66  9:25  Photon Cannon  
  66  9:34  Stalker x3  
  72  9:38  Pylon  
  72  9:50  Stalker x3  
  78  10:03  Colossus (Chrono Boost)  
  78  10:11  Stalker x2  
  82  10:16  Stalker  
  84  10:30  Stalker x3  
  90  10:38  Photon Cannon  
  90  10:43  Colossus (Chrono Boost)  
  96  10:57  Stalker  
  96  10:58  Stalker  
  100  11:12  Stalker  
  100  11:16  Pylon  
  102  11:19  Pylon  
  102  11:22  Photon Cannon  
  102  11:35  Stalker x3  
  105  12:14  Stalker x2  
  109  12:20  Pylon  
  109  12:22  Pylon  
  109  12:39  Stalker x4  
Tags
 
Add a new tag
Caveats
  • Supply blocks, unpowered buildings, or Contaminate may cause inaccurate times.
  • Supply counts are checked every 10 seconds.